 Dungeon Crawl Stone Soup version 0.27-a0-1200-g94dc6ad4cf (webtiles) character file.

Game seed: 3106210052298596859

23 Conn the Firebug (level 2, 0/15 HPs)
             Began as a Deep Elf Fire Elementalist on May 30, 2021.
             Succumbed to an adder's poison
             ... on level 2 of the Dungeon.
             The game lasted 00:02:23 (1111 turns).

Conn the Firebug (Deep Elf Fire Elementalist)       Turns: 1111, Time: 00:02:23

Health: 0/15       AC:  3    Str:  5    XL:     2   Next: 75%
Magic:  6/8        EV: 12    Int: 19    God:
Gold:   21         SH:  0    Dex: 15    Spells: 5/7 levels left

rFire    . . .     SeeInvis .   g - +2 spear (vorpal)
rCold    . . .     Faith    .   (no shield)
rNeg     + . .     Spirit   .   a - +1 robe
rPois    .         Reflect  .   (no helmet)
rElec    .         Harm     .   (no cloak)
rCorr    +         Rampage  .   (no gloves)
Will     .....                  (no boots)
Stlth    ++........             (no amulet)
HPRegen  0.05/turn              c - ring of positive energy
MPRegen  0.11/turn              e - ring of resist corrosion

@: lethally poisoned (0 -> -1), about to teleport
A: no striking features
a: no special abilities


You were on level 2 of the Dungeon.
You visited 1 branch of the dungeon, and saw 2 of its levels.

You collected 21 gold pieces.

Inventory:

Hand Weapons
 b - a +0 flail
 f - a +0 spear
 g - a +2 vorpal spear (weapon)
Armour
 a - a +1 robe (worn)
Jewellery
 c - a ring of positive energy (left hand)
 e - a ring of resist corrosion (right hand)
Scrolls
 k - a scroll of identify {unknown}


   Skills:
 + Level 2.5 Dodging
 + Level 2.4 Stealth
 * Level 3.3 Spellcasting
 * Level 1.7 Conjurations
 * Level 0.7 Transmutations
 * Level 3.7 Fire Magic


You had 5 spell levels left.
You knew the following spells:

 Your Spells              Type           Power      Damage    Failure   Level
a - Foxfire               Conj/Fire      52%        2x1d6     4%          1
b - Beastly Appendage     Tmut           10%        N/A       11%         1

Your spell library contained the following spells:

 Spells                   Type           Power      Damage    Failure   Level
 Corona                   Hex            3%         N/A       14%         1
 Conjure Flame            Conj/Fire      13%        6-21      14%         3
 Wereblood                Tmut           5%         N/A       17%         2
 Inner Flame              Hex/Fire       10%        N/A       21%         3
 Ensorcelled Hibernation  Hex/Ice        6%         N/A       22%         2
 Dazzling Flash           Conj/Hex       12%        N/A       30%         3
 Spider Form              Tmut/Pois      2%         N/A       36%         3
 Confusing Touch          Hex            3%         N/A       41%         3
 Tukima's Dance           Hex            3%         N/A       41%         3
 Sticky Flame             Conj/Fire      13%        2d4       43%         4
 Ice Form                 Ice/Tmut       4%         N/A       77%         4
 Fireball                 Conj/Fire      6%         3d5       78%         5
 Hydra Form               Tmut           2%         N/A       97%         5


Dungeon Overview and Level Annotations

Branches:
Dungeon (2/15)

Altars:


Message History

Confirm with . or Enter, or press ? or * to list all spells.
Okay, then.
Casting: Foxfire (safe; 4% risk of failure)
Confirm with . or Enter, or press ? or * to list all spells.
You conjure some foxfire!
The adder bites you.
You are poisoned.
The adder poisons you!
You feel sick.
The foxfire hits the adder.
The adder is lightly wounded.
The foxfire hits the adder.
The adder is moderately wounded.
The adder barely misses you. The adder bites you.
Unknown command.
Casting: Foxfire (safe; 4% risk of failure)
Confirm with . or Enter, or press ? or * to list all spells.
You conjure some foxfire!
You feel sick. The adder bites you.
* * * LOW HITPOINT WARNING * * *
* * * LOW HITPOINT WARNING * * *
You feel sick.
The foxfire hits the adder.
The adder is heavily wounded.
The foxfire hits the adder.
The adder is almost dead.
The adder bites you but does no damage.
Unknown command.
You aren't carrying any potions.
As you read the scroll labelled DUISEG DYGG, it crumbles to dust.
It is a scroll of enchant armour.
Your +0 robe glows green for a moment.
* * * LOW HITPOINT WARNING * * *
You feel sick. The adder bites you but does no damage.
The adder closely misses you.
Unknown command.
As you read the scroll labelled TIERPH TUKLUWK, it crumbles to dust.
You feel strangely unstable.
It was a scroll of teleportation.
* * * LOW HITPOINT WARNING * * *
You feel sick. The adder barely misses you.
As you read the scroll labelled TUIGUCZ SAJIU, it crumbles to dust.
You feel a surge of unholy energy.
The adder convulses!
It was a scroll of torment.
You die...

#... #... ##'# #.# #.#
###### #.#
#######+##....# #.#
...|..$..#..[.##.#####.#
.......@......+.........
...<....S#....##..####.#
.........#....# #.# #.#
.#########....# .. #.#
####....# #. #.#
#.......# #.###.#
#.......# #..##.#
#....########.##.#
#..............#..


You could see an adder.

Vanquished Creatures
  An endoplasm (D:2)
  2 giant cockroaches (D:1)
  3 goblins (D:1)
  3 hobgoblins (D:1)
  4 jackals
  2 ball pythons (D:1)
  A bat (D:1)
  A frilled lizard (D:2)
  4 rats
21 creatures vanquished.

Vanquished Creatures (others)
  50 foxfires
50 creatures vanquished.

Grand Total: 71 creatures vanquished

Notes
Turn   | Place    | Note
-------+----------+-------------------------------------------
     0 | D:1      | Conn the Deep Elf Fire Elementalist began the quest for the
                  | Orb.
     0 | D:1      | Reached XP level 1. HP: 10/10 MP: 6/6
    20 | D:1      | Learned a level 1 spell: Beastly Appendage
   153 | D:1      | Reached XP level 2. HP: 11/15 MP: 0/8
   231 | D:1      | Found a faded altar of an unknown god.
  1111 | D:2      | Succumbed to an adder's poison

Illustrated notes

Levels and vault maps discovered:
D:1:      minmay_arrival_five_plusses, layout_basic,
          ebering_ecumenical_altar_sacrificial, minmay_misc_feat_square
D:2:      layout_basic, st_stairs_4, kennysheep_boxes

Action                   || total
-------------------------++-------
Melee: Spear             ||    11
       Flail             ||     3
 Cast: Foxfire           ||    28
  Use: Scroll            ||     3
       Potion            ||     1
 Stab: Sleeping          ||     2
Armor: Robe              ||     5
Dodge: Dodged            ||    20

Table legend: (Time is in decaauts)
 A = Elapsed time spent in this place.
 B = Non-inter-level travel time spent in this place.
 C = Inter-level travel time spent in this place.
 D = Time resting spent in this place.
 E = Time spent auto-exploring this place.
 F = Levels seen in this place.
 G = Mean time per level.
                   A        B        C        D        E       F      G
               +--------+--------+--------+--------+--------+-----+--------+
         Total |   1111 |   1105 |      6 |      0 |    853 |   2 |  555.5 |
       Dungeon |   1111 |   1105 |      6 |      0 |    853 |   2 |  555.5 |
               +--------+--------+--------+--------+--------+-----+--------+

Top non-repeatable levels by time:
     D:1: 965 daAuts
     D:2: 145 daAuts
